 Dungeon Crawl Stone Soup version 0.23.2-1-ga50397a (webtiles) character file.

Game seed: 2929433747705910561

1394394 shadizar the Conqueror (level 27, 0/159 HPs)
             Began as a Gargoyle Fighter on May 26, 2019.
             Was the Champion of the Shining One.
             Splashed by an ancient lich's acid (6 damage)
             ... on level 5 of the Realm of Zot.
             The game lasted 04:25:44 (94681 turns).

shadizar the Conqueror (Gargoyle Fighter)          Turns: 94681, Time: 04:25:45

Health: 0/159      AC: 72    Str: 27    XL:     27
Magic:  4/37       EV: 17    Int:  7    God:    the Shining One [******]
Gold:   14541      SH: 35    Dex:  9    Spells: 26/26 levels left

rFire    + + +     SeeInvis +   I - +9 sacred scourge (holy)
rCold    + + +     Gourm    .   w - +8 large shield
rNeg     + + +     Faith    .   a - +9 scales of the Dragon King {rPois rF+ rC+ MR+}
rPois    ∞         Spirit   .   t - +0 helmet "Xoeroom" {Str+4 Int-2 Dex+4}
rElec    +         Reflect  .   X - +2 cloak {rC+}
rCorr    +         Harm     .   p - +3 pair of gauntlets of War {Slay+5}
MR       ++++.     Rnd*Rage +   q - +2 pair of boots of the Shore {rC++ rN+ MP+9}
Stlth    ..........             c - amulet of regeneration
HPRegen  0.00/turn              n - ring "Ytug" {rCorr rN+ MR+ Stlth+}
MPRegen  0.25/turn              P - ring "Noalote" {rF+++ Str-4 Int+2 Slay+3 SInv}

@: marked, berserk cooldown, flying, hasted and slowed, glowing
A: big wings, berserk 3, blurry vision 3, clumsy 2, deterioration 2, dopey 2,
frail 2, low mp 3, negative energy resistance 1, screaming 3, electricity
resistance, inhibited regeneration, weak 2, unbreathing, petrification
resistance, no potion heal 3, rot immunity, subdued magic 2, AC +20
}: 15/15 runes: decaying, serpentine, slimy, silver, golden, iron, obsidian,
icy, bone, abyssal, demonic, glowing, magical, fiery, dark
a: Stop Flying, Divine Shield, Cleansing Flame, Summon Divine Warrior, Renounce
Religion


You were on level 5 of the Realm of Zot.
You worshipped the Shining One.
The Shining One was exalted by your worship.
You were very hungry.

You visited 18 branches of the dungeon, and saw 90 of its levels.
You visited Pandemonium 1 time, and saw 21 of its levels.
You visited the Abyss 3 times.
You also visited: Trove, Ossuary, Gauntlet, Ice Cave and Volcano.

You collected 19299 gold pieces.
You spent 4758 gold pieces at shops.

Inventory:

Hand Weapons
 k - the cursed +14 obsidian axe {chop, +Fly SInv *Curse}
   (You found it on level 7 of the Iron City of Dis)

   It inflicts extra damage upon your enemies.
   It lets you see invisible.
   It lets you fly.
   It curses itself when equipped.
   It has a curse placed upon it.
   The Shining One disapproves of the use of such an item.
 I - a +9 sacred scourge of holy wrath (weapon)
Armour
 a - the +9 scales of the Dragon King (worn) {rPois rF+ rC+ MR+}
   (You bought it in a shop on level 2 of the Orcish Mines)

   It protects you from fire.
   It protects you from cold.
   It protects you from poison.
   It affects your resistance to hostile enchantments.
 p - the +3 pair of gauntlets of War (worn) {Slay+5}
   (You found it on level 1 of the Swamp)

   It affects your accuracy and damage with ranged weapons and melee attacks
   (+5).
 q - the +2 pair of boots of the Shore (worn) {rC++ rN+ MP+9}
   (You found it in a Gauntlet)

   It greatly protects you from cold.
   It protects you from negative energy.
   It affects your magic capacity (+9).
 t - the +0 helmet "Xoeroom" (worn) {Str+4 Int-2 Dex+4}
   (You found it on level 2 of the Depths)

   It affects your strength (+4).
   It affects your intelligence (-2).
   It affects your dexterity (+4).
 w - a +8 large shield (worn)
 X - a +2 cloak of cold resistance (worn)
Jewellery
 c - an amulet of regeneration (around neck)
 g - the amulet "Jaug" {Reflect rElec rN+ Str+7 SH+4}
   (You took it off a black sun in Pandemonium)

   [amulet of reflection]

   It shields you and reflects attacks.
   It affects your strength (+7).
   It insulates you from electricity.
   It protects you from negative energy.
   It affects your SH (+4).
 n - the ring "Ytug" (left hand) {rCorr rN+ MR+ Stlth+}
   (You found it in a treasure trove)

   [ring of resist corrosion]

   It protects you from negative energy.
   It affects your resistance to hostile enchantments.
   It makes you more stealthy.
 z - the ring of Osuorus {rF+ rN+ MP+9 Stlth+}
   (You found it on level 3 of the Crypt)

   [ring of positive energy]

   It protects you from fire.
   It protects you from negative energy.
   It affects your magic capacity (+9).
   It makes you more stealthy.
 C - the ring "Codeef" {rF+ rC+ MR+ Stlth-}
   (You took it off a deep elf death mage on level 3 of the Elven Halls)

   [ring of attention]

   It protects you from fire.
   It protects you from cold.
   It affects your resistance to hostile enchantments.
   It makes you less stealthy.
 P - the ring "Noalote" (right hand) {rF+++ Str-4 Int+2 Slay+3 SInv}
   (You found it in a Gauntlet)

   [ring of see invisible]

   It affects your strength (-4).
   It affects your intelligence (+2).
   It affects your accuracy and damage with ranged weapons and melee attacks
   (+3).
   It renders you almost immune to fire.
   It lets you see invisible.
Wands
 e - a wand of scattershot (3)
 v - a wand of digging (19)
 Q - a wand of enslavement (8)
 R - a wand of iceblast (108)
 T - a wand of flame (87)
Scrolls
 d - 4 scrolls of fear
 h - 40 scrolls of teleportation
 i - 7 scrolls of magic mapping
 o - 9 scrolls of blinking
 r - 5 scrolls of holy word
 A - 2 scrolls of amnesia
 E - 11 scrolls of fog
 K - 2 scrolls of enchant armour
 N - 37 scrolls of identify
 O - 2 scrolls of summoning
 S - 34 scrolls of remove curse
Potions
 b - 26 potions of curing
 j - 15 potions of ambrosia
 l - 5 potions of berserk rage
 m - 4 potions of resistance
 u - a potion of brilliance
 x - 10 potions of agility
 B - 3 potions of haste
 G - 4 potions of heal wounds
 Y - 6 potions of might
Miscellaneous
 y - 6 sacks of spiders
 L - 3 boxes of beasts
 M - a lightning rod (4/4)
 U - a figurine of a ziggurat
 V - a lightning rod (4/4)
 W - a phial of floods
Comestibles
 f - 73 rations


   Skills:
 O Level 27 Fighting
 O Level 27 Maces & Flails
 - Level 1.9 Throwing
 O Level 27 Armour
 + Level 26.3 Dodging
 O Level 27 Shields
 O Level 27 Invocations
 + Level 19.9 Evocations


You had 26 spell levels left.
You didn't know any spells.
Your spell library contained the following spells:

 Spells                   Type           Power        Failure   Level  Hunger
 Animate Skeleton         Necr           N/A          93%         1    ##.....
 Apportation              Tloc           #.....       93%         1    ##.....
 Beastly Appendage        Tmut           #.....       93%         1    ##.....
 Confusing Touch          Hex            #.....       93%         1    ##.....
 Corona                   Hex            #......      93%         1    ##.....
 Flame Tongue             Conj/Fire      #....        93%         1    ##.....
 Freeze                   Ice            #...         93%         1    ##.....
 Infusion                 Chrm           #...         93%         1    ##.....
 Magic Dart               Conj           #...         93%         1    ##.....
 Pain                     Necr           #...         93%         1    ##.....
 Sandblast                Erth           #.....       93%         1    ##.....
 Shock                    Conj/Air       #...         93%         1    ##.....
 Sting                    Conj/Pois      #...         93%         1    ##.....
 Summon Butterflies       Summ           #.......     93%         1    ##.....
 Summon Small Mammal      Summ           #...         93%         1    ##.....
 Blink                    Tloc           N/A          98%         2    ###....
 Call Imp                 Summ           #.......     98%         2    ###....
 Ensorcelled Hibernation  Hex/Ice        #.....       98%         2    ###....
 Passwall                 Tmut/Erth      #.......     98%         2    ###....
 Poisonous Vapours        Pois/Air       #.....       98%         2    ###....
 Searing Ray              Conj           #.....       98%         2    ###....
 Shroud of Golubria       Chrm/Tloc      #.........   98%         2    ###....
 Slow                     Hex            #.......     98%         2    ###....
 Song of Slaying          Chrm           #.......     98%         2    ###....
 Sticks to Snakes         Tmut           #.......     98%         2    ###....
 Swiftness                Chrm/Air       #.......     98%         2    ###....
 Throw Flame              Conj/Fire      #.....       98%         2    ###....
 Throw Frost              Conj/Ice       #.....       98%         2    ###....
 Call Canine Familiar     Summ           #.......     100%        3    ####...
 Confuse                  Hex            #.......     100%        3    ####...
 Conjure Flame            Conj/Fire      #.......     100%        3    ####...
 Dazzling Spray           Conj/Hex       #.....       100%        3    ####...
 Gell's Gravitas          Tloc           #.........   100%        3    ####...
 Ignite Poison            Fire/Tmut/Pois #.......     100%        3    ####...
 Inner Flame              Hex/Fire       #.......     100%        3    ####...
 Mephitic Cloud           Conj/Pois/Air  #.......     100%        3    ####...
 Ozocubu's Armour         Chrm/Ice       #.......     100%        3    ####...
 Portal Projectile        Hex/Tloc       #.....       100%        3    ####...
 Recall                   Summ/Tloc      N/A          100%        3    ####...
 Regeneration             Chrm/Necr      #.........   100%        3    ####...
 Spectral Weapon          Hex/Chrm       #.......     100%        3    ####...
 Spider Form              Tmut/Pois      #.........   100%        3    ####...
 Static Discharge         Conj/Air       #.......     100%        3    ####...
 Stone Arrow              Conj/Erth      #.....       100%        3    ####...
 Summon Guardian Golem    Hex/Summ       #.......     100%        3    ####...
 Tukima's Dance           Hex            #.......     100%        3    ####...
 Vampiric Draining        Necr           #.........   100%        3    ####...
 Airstrike                Air            #.........   100%        4    #####..
 Animate Dead             Necr           N/A          100%        4    #####..
 Cause Fear               Hex            #.........   100%        4    #####..
 Force Lance              Conj/Tloc      #.......     100%        4    #####..
 Fulminant Prism          Conj/Hex       #.........   100%        4    #####..
 Ice Form                 Ice/Tmut       #.......     100%        4    #####..
 Iskenderun's Mystic Bla  Conj           #.......     100%        4    #####..
 Leda's Liquefaction      Hex/Erth       #.........   100%        4    #####..
 Olgreb's Toxic Radiance  Pois           #.......     100%        4    #####..
 Passage of Golubria      Tloc           N/A          100%        4    #####..
 Petrify                  Tmut/Erth      #.......     100%        4    #####..
 Sticky Flame             Conj/Fire      #.......     100%        4    #####..
 Summon Ice Beast         Ice/Summ       #.......     100%        4    #####..
 Summon Lightning Spire   Summ/Air       #.......     100%        4    #####..
 Throw Icicle             Conj/Ice       #.......     100%        4    #####..
 Alistair's Intoxication  Tmut/Pois      #.......     100%        5    ######.
 Aura of Abjuration       Summ           #.........   100%        5    ######.
 Blade Hands              Tmut           #.........   100%        5    ######.
 Bolt of Draining         Conj/Necr      #.........   100%        5    ######.
 Bolt of Magma            Conj/Fire/Erth #.........   100%        5    ######.
 Borgnjor's Vile Clutch   Necr/Erth      #.........   100%        5    ######.
 Dispel Undead            Necr           #.......     100%        5    ######.
 Excruciating Wounds      Chrm/Necr      #.........   100%        5    ######.
 Fireball                 Conj/Fire      #.........   100%        5    ######.
 Irradiate                Conj/Tmut      #.........   100%        5    ######.
 Iskenderun's Battlesphe  Conj/Chrm      #.......     100%        5    ######.
 Lee's Rapid Deconstruct  Erth           #.........   100%        5    ######.
 Lightning Bolt           Conj/Air       #.........   100%        5    ######.
 Metabolic Englaciation   Hex/Ice        #.........   100%        5    ######.
 Silence                  Hex/Air        #.........   100%        5    ######.
 Summon Demon             Summ           #.........   100%        5    ######.
 Summon Forest            Summ/Tloc      #.........   100%        5    ######.
 Summon Mana Viper        Hex/Summ       #.......     100%        5    ######.
 Venom Bolt               Conj/Pois      #.........   100%        5    ######.
 Yara's Violent Unravell  Hex/Tmut       #.........   100%        5    ######.
 Bolt of Cold             Conj/Ice       #.........   100%        6    #######
 Bolt of Fire             Conj/Fire      #.........   100%        6    #######
 Conjure Ball Lightning   Conj/Air       #.........   100%        6    #######
 Darkness                 Hex            #.........   100%        6    #######
 Death Channel            Necr           #.........   100%        6    #######
 Deflect Missiles         Chrm/Air       #.........   100%        6    #######
 Dispersal                Tloc           #.........   100%        6    #######
 Freezing Cloud           Conj/Ice/Air   #.........   100%        6    #######
 Iron Shot                Conj/Erth      #.........   100%        6    #######
 Poison Arrow             Conj/Pois      #.........   100%        6    #######
 Shadow Creatures         Summ           N/A          100%        6    #######
 Simulacrum               Ice/Necr       #.........   100%        6    #######
 Dragon Form              Tmut           #.........   100%        7    #######
 Haunt                    Necr/Summ      #.........   100%        7    #######
 Malign Gateway           Summ/Tloc      #.........   100%        7    #######
 Monstrous Menagerie      Summ           #.........   100%        7    #######
 Orb of Destruction       Conj           #.........   100%        7    #######
 Ring of Flames           Chrm/Fire      #.........   100%        7    #######
 Spellforged Servitor     Conj/Summ      #.........   100%        7    #######
 Summon Greater Demon     Summ           #.........   100%        7    #######
 Summon Hydra             Summ           #.........   100%        7    #######
 Borgnjor's Revivificati  Necr           #.........   100%        8    #######
 Chain Lightning          Conj/Air       #.........   100%        8    #######
 Controlled Blink         Tloc           N/A          100%        8    #######
 Death's Door             Chrm/Necr      #.........   100%        8    #######
 Discord                  Hex            #.........   100%        8    #######
 Disjunction              Tloc           #.........   100%        8    #######
 Ignition                 Fire           #.........   100%        8    #######
 Infestation              Necr           #.........   100%        8    #######
 Lehudib's Crystal Spear  Conj/Erth      #.........   100%        8    #######
 Necromutation            Tmut/Necr      #.........   100%        8    #######
 Summon Horrible Things   Summ           #.........   100%        8    #######
 Dragon's Call            Summ           #.........   100%        9    #######
 Fire Storm               Conj/Fire      #.........   100%        9    #######
 Glaciate                 Conj/Ice       #.........   100%        9    #######
 Shatter                  Erth           #.........   100%        9    #######
 Tornado                  Air            #.........   100%        9    #######
 Sublimation of Blood     Necr           Unusable     N/A         2    N/A
 Statue Form              Tmut/Erth      Unusable     N/A         6    N/A

Dungeon Overview and Level Annotations

Branches:
Dungeon (15/15)            Temple (1/1) D:7            Lair (6/6) D:10
  Swamp (4/4) Lair:2        Snake (4/4) Lair:3        Slime (5/5) Lair:6
    Orc (2/2) D:10            Elf (3/3) Orc:2        Vaults (5/5) D:14
  Crypt (3/3) Vaults:3       Tomb (3/3) Crypt:3      Depths (5/5) D:15
   Hell (1/1)                 Dis (7/7) Hell            Geh (7/7) Hell
    Coc (7/7) Hell            Tar (7/7) Hell            Zot (5/5) Depths:5

Altars:
Ashenzari
Cheibriados
Dithmenos
Elyvilon
Fedhas
Gozag
Hepliaklqana
Kikubaaqudgha
Makhleb
Nemelex Xobeh
Okawaru
Qazlal
Ru
Sif Muna
Trog
Uskayaw
Vehumet
Wu Jian
Xom
Yredelemnul
Zin
The Shining One
Jiyva

Shops:
D:8 [   Orc:1 %   Orc:2 *%[:   Elf:2 ?   Elf:3 ?   Vaults:2 [**[   Vaults:3 [
Depths:3 ?}==   Depths:4 !

Portals:
Hell: Depths:1 Depths:2 Depths:3 Depths:4 Depths:5
Abyss: Depths:1 Depths:4
Pandemonium: Depths:2 Depths:3 Depths:5
Ziggurat: Depths:4

Annotations:
Lair:1 exclusion: 2 oklob plants
Snake:2 1 runed translucent door
Zot:4 2 transporters, exclusion: orange crystal statue


Innate Abilities, Weirdness & Mutations

You are resistant to torment.
Your stone body is resilient. (AC +20)
You are immune to poison.
Your large and strong wings let you fly indefinitely.
You resist negative energy. (rN+)
You are resistant to electric shocks. (rElec)
You can survive without breathing.
You are immune to petrification.
You are immune to rotting.
You have an uncontrollable temper.
Scrolls take you much longer to read.
You are very clumsy. (Dex -4)
Your body often deteriorates upon taking damage.
You are very dopey. (Int -4)
You are very frail. (-20% HP)
Your magical capacity is extremely low. (-30% MP)
You frequently scream uncontrollably at your foes.
You do not regenerate when monsters are visible.
You are very weak. (Str -4)
Potions cannot restore your health.
Your spells are easier to cast, but less powerful.


Message History

Unknown command.
You have no ailments to cure.
Unknown command.
You have no ailments to cure.
Unknown command.
You have no ailments to cure.
Unknown command.
You have no ailments to cure.
Unknown command.
Okay, then.
Unknown command.
Really read with blurry vision while enemies are nearby?
You block the Orb Guardian's attack.
You begin reading the scroll.
You continue reading the scroll.
You block the Orb Guardian's attack.
The ancient lich gestures at you while chanting.
The bolt of acid hits you. You resist.
* * * LOW HITPOINT WARNING * * *
You are splashed with acid.
You resist.
You die...

▓▓...))##▓▓▓▓▓▓▓▓▓▓▓#
##......p............###
##.......).......2##....##
#.......)..X.......###...########
...............p.L..###..........
........^...p..X*2..# ##.........
.............X.XX...# #.........
..........^.p.XDXL..# ##....[...
....^..........*@...# #........
....................# ##........
#...........^......## #.........
##................## ##.........
##............|.## #..........
################ ########.##
#......... #......... #.........


You could see 2 orbs of fire, 4 Killer Klowns, a tentacled monstrosity, a golden
dragon, 2 ancient liches, 6 Orb Guardians, a lorocyproca (invisible) and a
balrug.

Vanquished Creatures
  Cerebov (Pan)
  Antaeus (Coc:7)
  Asmodeus (Geh:7)
  Gloorx Vloq (Pan)
  Ereshkigal (Tar:7)
  the Royal Jelly (Slime:5)
  the Serpent of Hell (Dis:7)
  Lom Lobon (Pan)
  A seraph (Pan)
  Mnoleg (Pan)
  Khufu (Crypt:2)
  Dispater (Dis:7)
  Mara (Crypt:2)
  4 orbs of fire
  5 ancient liches
  A juggernaut (Depths:3)
  36 greater mummies
  Sojobo (Vaults:3)
  Boris (twice) (Crypt:2 Tomb:3)
  Bai Suzhen (Swamp:3)
  6 Killer Klowns
  Saint Roka (Depths:1)
  11 shard shrikes
  Margery (Vaults:5)
  Vashnia (Snake:2)
  A curse toe (Zot:5)
  A caustic shrike (Depths:3)
  Jory (Tomb:2)
  11 golden dragons
  Geryon (Hell)
  A profane servitor (Abyss:3)
  5 doom hounds
  15 bone dragons
  2 pearl dragons (Pan)
  21 Brimstone Fiends
  26 Tzitzimimeh
  5 iron giants
  2 electric golems
  Rupert (Snake:1)
  2 hellephants
  Jorgrun (Swamp:1)
  18 liches
  6 Hell Sentinels (Dis:7)
  19 Orb Guardians (Zot:5)
  16 tentacled monstrosities
  17 Ice Fiends
  2 deep elf blademasters (Elf:3)
  9 quicksilver dragons
  Asterion (Elf:3)
  6 titans
  2 deep elf master archers (Elf:3)
  21 acid blobs
  7 pandemonium lords (Pan)
  6 eldritch tentacles
  9 sphinxes
  23 ancient champions
  8 tentacled starspawn
  23 Executioners
  2 thorn hunters
  6 death cobs
  12 shadow dragons
  9 tengu reavers
  6 revenants
  8 nagarajas
  Roxanne (Swamp:1)
  2 draconian monks
  6 storm dragons
  18 azure jellies
  12 frost giants
  13 daevas (Pan)
  5 ghost moths
  37 balrugs
  12 fire giants
  9 corrupters (Pan)
  10 deep elf sorcerers
  19 vault wardens
  Aizul (Elf:3)
  15 iron dragons
  An orc warlord (Vaults:4)
  5 draconian scorchers
  7 draconian knights
  4 draconian shifters
  23 cacodemons
  2 draconian stormcallers
  4 ghouls
  12 warmongers (Pan)
  29 angels
  6 curse skulls
  4 deep elf elementalists (Elf:3)
  An elemental wellspring (Coc:7)
  30 stone giants
  2 spriggan defenders
  6 war gargoyles
  27 ironheart preservers
  60 reapers
  16 ophanim (Pan)
  17 blood saints (Pan)
  4 draconian annihilators
  An entropy weaver (Vaults:4)
  9 deep elf demonologists
  13 green draconians
  30 very ugly things
  The ghost of kae the Grappler, a journeyman DrTm of Makhleb (Lair:6)
  7 black draconians
  10 lorocyprocas
  30 apis (Pan)
  16 black suns (Pan)
  11 vampire knights
  10 bennus
  6 purple draconians
  9 white draconians
  8 deep elf annihilators
  14 red draconians
  A dire elephant (Abyss:3)
  A spark wasp (shapeshifter) (Vaults:5)
  4 spark wasps
  13 yellow draconians
  A minotaur (Gauntlet)
  11 green deaths
  17 eidola
  A merfolk javelineer (Depths:1)
  14 ettins
  A crystal guardian (Vaults:5)
  6 death oozes (Slime:5)
  15 deep elf death magi
  Snorg (D:12)
  21 blizzard demons
  10 quicksilver dragon zombies
  8 fire dragons
  2 kraken zombies (Coc:7)
  12 naga warriors
  17 mummy priests
  7 deep elf high priests
  Josephine (D:14)
  6 jiangshi
  10 great orbs of eyes
  17 yaktaur captains
  25 ice dragons
  Erolcha (D:10)
  8 monstrous demonspawn
  14 rakshasas
  34 vault guards
  7 quicksilver dragon skeletons
  20 hydras
  4 ghost crabs
  4 spriggan air magi
  A death knight (Crypt:1)
  A catoblepas (Lair:6)
  A satyr (Abyss:3)
  6 centaur warriors
  An anaconda (shapeshifter) (Abyss:2)
  A two-headed ogre (shapeshifter) (Depths:5)
  30 dancing weapons
  7 tengu warriors
  7 deep troll earth magi
  56 two-headed ogres
  7 deep troll shamans
  13 alligators
  13 anacondas
  6 death yaks
  25 death scarabs (Tomb:1)
  5 spriggan berserkers
  19 ogre magi
  5 shock serpents
  11 thrashing horrors
  8 titan zombies
  10 vampire magi
  4 orc high priests
  20 hell hogs
  8 naga sharpshooters
  7 storm dragon zombies
  62 hell knights
  25 deep elf knights
  A fire crab (shapeshifter) (Depths:3)
  63 sun demons
  13 spriggans
  11 titan skeletons
  53 soul eaters
  13 iron trolls
  An iron golem (Hell)
  27 sixfirhies
  4 wretched stars
  131 skeletal warriors
  9 anaconda zombies
  19 shadow wraiths
  2 storm dragon skeletons
  2 golden dragon zombies
  2 salamander mystics
  20 shadow demons
  38 deep trolls
  2 spatial maelstroms
  12 cherubim (Pan)
  15 gelid demonspawn (Pan)
  11 torturous demonspawn (Pan)
  11 flayed ghosts
  6 wizards
  11 unseen horrors
  3 spriggan druids
  8 glowing orange brains
  13 swamp dragons
  4 harpies (Vaults:2)
  A harpy (shapeshifter) (D:15)
  8 shadow dragon zombies
  32 necromancers
  19 deep elf archers
  8 infernal demonspawn (Pan)
  3 golden dragon skeletons
  26 phantasmal warriors
  19 ironbrand convokers
  13 naga ritualists
  2 tengu zombies
  An obsidian statue (Zot:5)
  50 large abominations
  A lindwurm (Lair:6)
  14 orc knights
  5 wolf spider zombies
  3 anaconda skeletons
  90 deep elf magi
  8 frost giant zombies
  49 ugly things
  8 stone giant zombies
  10 mana vipers
  7 orc sorcerers
  15 salamanders
  A sphinx skeleton (Crypt:2)
  6 iron dragon zombies
  A cyclops (shapeshifter) (Vaults:3)
  21 cyclopes
  9 wolf spiders
  14 shining eyes
  6 shadow dragon skeletons
  19 moths of wrath
  7 worldbinders
  6 fire giant zombies
  6 stone giant skeletons
  108 slime creatures
  An iron dragon skeleton (Coc:2)
  4 manticores
  33 rust devils
  13 dire elephant zombies
  Joseph (Lair:1)
  2 water nymphs (Abyss:3)
  5 fire giant skeletons
  2 guardian serpents
  2 ice statues
  32 black mambas
  An apocalypse crab (Abyss:1)
  20 vault sentinels
  24 naga magi
  4 frost giant skeletons
  8 molten gargoyles (Geh:7)
  33 smoke demons
  6 eyes of devastation
  A shock serpent zombie (Abyss:1)
  2 guardian serpents (shapeshifter) (Depths:3)
  2 elephants (Lair:6)
  33 orange demons
  2 gargoyles
  A torpor snail (Lair:3)
  A spiny frog (shapeshifter) (Depths:1)
  17 spiny frogs
  2 shock serpent skeletons
  5 dire elephant skeletons
  2 titan simulacra
  5 komodo dragons
  A black draconian zombie (Crypt:1)
  2 kobold demonologists (D:13)
  A yaktaur (shapeshifter) (Vaults:4)
  42 yaktaurs
  2 emperor scorpion zombies
  36 hellions
  22 hellwings
  50 ice devils
  A rime drake (Lair:2)
  A ghost moth simulacrum (Crypt:1)
  4 catoblepas zombies
  7 anaconda simulacra (IceCv)
  15 demonic crawlers (Pan)
  2 trolls (shapeshifter)
  7 ancient zymes
  3 golden dragon simulacra
  4 catoblepas skeletons
  43 tormentors
  9 efreet
  39 freezing wraiths
  10 hydra zombies
  3 silent spectres
  6 harpy zombies
  29 guardian mummies
  9 trolls
  36 red devils
  A black draconian skeleton (Tomb:3)
  A polar bear (Lair:3)
  A red draconian skeleton (Crypt:1)
  2 jumping spiders
  A jumping spider (shapeshifter) (Vaults:3)
  4 ice dragon zombies
  21 bog bodies
  13 tyrant leeches
  3 harpy skeletons
  17 hornets
  A slime creature (shapeshifter) (Vaults:5)
  4 fire dragon zombies
  8 hydra skeletons
  7 ettin zombies
  20 dream sheep
  13 hippogriffs
  8 alligator zombies
  25 blink frogs
  2 fire giant simulacra (Hell)
  A meliai zombie (D:11)
  13 raiju
  6 redbacks
  3 ice dragon skeletons
  6 ettin skeletons
  3 black mamba zombies
  43 ynoxinuls
  12 ushabtiu
  76 flying skulls
  6 air elementals
  6 alligator skeletons
  6 fire dragon skeletons
  11 shadows
  27 wraiths
  3 wyverns
  A tarantella (shapeshifter) (Elf:2)
  A vampire (D:13)
  2 black mamba skeletons
  A dire elephant simulacrum (IceCv)
  6 basilisks
  59 yaks
  23 fire elementals
  11 golden eyes
  A human (D:8)
  21 neqoxecs
  A steam dragon (D:7)
  15 water elementals
  2 golden eyes (shapeshifter)
  8 hungry ghosts
  A merfolk zombie (Geh:7)
  3 human simulacra
  9 vampire mosquitoes
  27 chaos spawn
  17 swamp worms
  2 harpy simulacra (IceCv)
  2 spatial vortices
  An iron troll simulacrum (IceCv)
  37 nagas
  7 wargs
  9 insubstantial wisps (Swamp:4)
  7 spiny frog zombies
  3 acid dragons
  7 hydra simulacra
  75 hell hounds
  A soldier ant (D:14)
  2 floating eyes (Pan)
  A merfolk skeleton (Coc:2)
  17 water moccasins
  9 porcupines
  2 swamp drakes (shapeshifter) (Vaults:5)
  4 ice beasts
  An ice beast (shapeshifter) (Vaults:2)
  4 sky beasts
  2 eyes of draining
  3 ettin simulacra
  2 fire dragon simulacra
  2 ice dragon simulacra (Coc:7)
  5 spiny frog skeletons
  A sky beast (shapeshifter) (Depths:2)
  A swamp dragon zombie (Dis:7)
  15 swamp drakes
  6 black bears
  10 necrophages
  38 orc warriors
  3 snapping turtle zombies
  12 wolves (Lair:6)
  A black mamba simulacrum (Hell)
  3 human zombies
  A manticore zombie (Dis:7)
  2 alligator simulacra
  8 phantoms
  5 boggarts
  22 centaurs
  31 ogres
  22 crocodiles
  A dream sheep skeleton (Crypt:2)
  5 snapping turtle skeletons
  A manticore skeleton (Pan)
  2 big kobolds
  An elf zombie (Crypt:3)
  20 bullfrogs
  A wyvern zombie (D:13)
  31 small abominations
  An elf skeleton (Crypt:2)
  9 wyvern skeletons
  9 scorpions
  A troll zombie (Dis:7)
  A scorpion (shapeshifter) (Vaults:1)
  A water moccasin skeleton (D:8)
  2 spriggan zombies
  An elephant simulacrum (IceCv)
  A warg skeleton (Crypt:2)
  2 snapping turtle simulacra
  9 killer bees
  3 electric eels
  63 wights
  6 howler monkeys
  A raiju skeleton (Crypt:2)
  19 crimson imps
  A lava snake (D:13)
  3 quasits
  38 starcursed masses
  2 centaur zombies
  3 draconian simulacra (IceCv)
  19 orc priests
  14 jellies
  A bullfrog skeleton (D:4)
  10 hounds
  3 bullfrog zombies
  28 orc wizards
  11 centaur skeletons
  A demonspawn skeleton (Crypt:1)
  20 iron imps
  6 hell rats (Hell)
  A human skeleton (Tar:7)
  2 iguanas
  10 worker ants
  A porcupine skeleton (Crypt:2)
  2 troll simulacra (IceCv)
  A killer bee zombie (D:7)
  An acid dragon zombie (Crypt:1)
  A naga zombie (Tomb:1)
  3 centaur simulacra (IceCv)
  A tengu skeleton (Geh:5)
  A hound zombie (D:9)
  53 mummies
  2 worker ant zombies (D:8)
  7 gnolls
  12 adders
  4 naga simulacra (IceCv)
  3 ogre simulacra (IceCv)
  19 shadow imps
  21 white imps
  7 ufetubi
  14 oozes (Lair:1)
  2 adder zombies
  3 adder skeletons
  A worm (D:2)
  2 dart slugs
  4 leopard geckos
  111 orcs
  2 ball pythons
  7 bats
  5 giant cockroaches
  2 gnoll zombies (Ossuary)
  3 goblins
  10 hobgoblins
  18 jackals
  7 quokkas
  A river rat zombie (Crypt:2)
  7 frilled lizards
  A jackal skeleton (D:4)
  A jackal zombie (D:6)
  27 kobolds
  A kobold skeleton (Crypt:3)
  5 kobold zombies
  3 orc zombies
  A quokka skeleton (Crypt:2)
  8 rats
  2 briar patches (Swamp:4)
  2 crawling corpses
  A demonic plant (Gauntlet)
  11 starspawn tentacles
  3 tentacles (Coc:7)
  3 withered plants (Crypt:3)
5172 creatures vanquished.

Vanquished Creatures (collateral kills)
  A lich (Tomb:3)
  2 ancient champions (Tomb:3)
  A revenant (Tomb:2)
  2 bennus (Tomb:3)
  A mummy priest (Tomb:2)
  A death scarab (Tomb:1)
  6 guardian mummies
  6 flying skulls
  5 ushabtiu
  5 mummies
30 creatures vanquished.

Vanquished Creatures (others)
  A shard shrike (Coc:7)
  An eldritch tentacle (Pan)
  A draconian annihilator (Pan)
  An elemental wellspring (Coc:7)
  A blizzard demon (Coc:7)
  A rakshasa (Pan)
  A centaur warrior (D:14)
  A hell hog (Geh:7)
  A spriggan druid (Swamp:4)
  A deep troll (Depths:4)
  A glowing orange brain (Pan)
  A necromancer (Vaults:3)
  A frost giant zombie (Geh:5)
  A naga mage (Snake:4)
  A smoke demon (Pan)
  A spiny frog (Swamp:3)
  A tormentor (Coc:7)
  A wraith (Crypt:3)
  2 insubstantial wisps (Swamp:4)
  A large abomination (Pan)
  A naga (Snake:2)
  3 hell hounds (Geh:6)
  An eye of draining (Pan)
  An orc warrior (Orc:1)
  An ogre (shapeshifter) (Depths:4)
  An ogre (Vaults:5)
  10 centaurs
  5 wights
  An orc priest (Orc:2)
  An iron imp (Dis:7)
  3 ball lightnings
  An orc (D:11)
  7 demonic plants (Gauntlet)
  15 fungi
  39 plants
  19 starspawn tentacles
  9 tentacles
  2 withered plants (Crypt:3)
141 creatures vanquished.

Grand Total: 5343 creatures vanquished

Notes
Turn   | Place    | Note
-------+----------+-------------------------------------------
     0 | D:1      | shadizar the Gargoyle Fighter began the quest for the Orb.
     0 | D:1      | Reached XP level 1. HP: 14/14 MP: 1/1
   178 | D:1      | Reached XP level 2. HP: 15/19 MP: 2/2
   764 | D:2      | Reached XP level 3. HP: 23/23 MP: 3/3
   908 | D:2      | Reached skill level 1 in Dodging
   948 | D:2      | Reached XP level 4. HP: 28/29 MP: 4/4
  1093 | D:2      | You fall through a shaft!
  1653 | D:4      | Found the +6 lightning scales {run, rElec}
  1698 | D:4      | Reached XP level 5. HP: 25/34 MP: 5/5
  1737 | D:4      | Got a jewelled morningstar
  1738 | D:4      | Identified the cursed +0 morningstar of the Special Realms
                  | {crush, Dex+3 Stlth+} (You found it on level 4 of the
                  | Dungeon)
  2046 | D:4      | Reached XP level 6. HP: 40/40 MP: 6/6
  2054 | D:4      | Reached skill level 5 in Fighting
  2766 | D:4      | Reached XP level 7. HP: 39/44 MP: 7/7
  2887 | D:5      | Entered Level 5 of the Dungeon
  3407 | D:5      | Reached skill level 5 in Armour
  3407 | D:5      | Reached skill level 5 in Shields
  3446 | D:5      | Reached XP level 8. HP: 52/52 MP: 8/8
  4278 | D:6      | Found an iron altar of Okawaru.
  4868 | D:5      | Reached XP level 9. HP: 58/58 MP: 9/9
  4954 | D:7      | Reached skill level 5 in Maces & Flails
  5356 | D:7      | Found a staircase to the Ecumenical Temple.
  5367 | Temple   | Entered the Ecumenical Temple
  5443 | Temple   | Became a worshipper of the Shining One
  6084 | D:8      | Found Zuwoku's Antique Armour Shoppe.
  6226 | D:7      | Reached XP level 10. HP: 31/66 MP: 10/10
  6482 | D:8      | Found a sand-covered staircase.
  6489 | Ossuary  | Entered an ossuary
  6502 | Ossuary  | Reached * piety under the Shining One
  6566 | Ossuary  | Reached ** piety under the Shining One
  6970 | D:8      | Bought a scorched chain mail for 323 gold pieces
  6981 | D:8      | Identified the +5 chain mail of Restlessness {rF+ rCorr
                  | Int-3} (You bought it in a shop on level 8 of the Dungeon)
  7021 | D:8      | Noticed a two-headed ogre
  7034 | D:8      | Killed a two-headed ogre
  7034 | D:8      | Reached skill level 10 in Fighting
  7034 | D:8      | Reached skill level 5 in Dodging
  7938 | D:10     | Entered Level 10 of the Dungeon
  7951 | D:10     | Reached skill level 1 in Invocations
  7955 | D:10     | Reached skill level 1 in Evocations
  7987 | D:10     | Reached XP level 11. HP: 54/73 MP: 12/12
  8005 | D:10     | Found a staircase to the Lair.
  8095 | D:10     | Noticed Erolcha
  8096 | D:10     | Reached *** piety under the Shining One
  8106 | D:10     | Killed Erolcha
  8446 | D:10     | Noticed a two-headed ogre
  8454 | D:10     | Killed a two-headed ogre
  8660 | D:10     | Found a staircase to the Orcish Mines.
  8732 | D:10     | Identified a scroll of acquirement
  8801 | Lair:1   | Entered Level 1 of the Lair of Beasts
  9060 | Lair:1   | Noticed an oklob plant
  9153 | Lair:1   | Noticed Joseph
  9173 | Lair:1   | Killed Joseph
  9273 | Lair:1   | Reached XP level 12. HP: 73/81 MP: 13/15
  9830 | Lair:2   | You fall through a shaft for 2 floors!
  9830 | Lair:4   | Noticed an eight-headed hydra
  9839 | Lair:4   | Killed an eight-headed hydra
 10314 | Lair:2   | Found a staircase to the Swamp.
 11143 | Lair:3   | Found a staircase to the Snake Pit.
 11164 | Lair:3   | Reached **** piety under the Shining One
 11749 | Lair:3   | Reached skill level 5 in Evocations
 11762 | Lair:3   | Reached XP level 13. HP: 87/87 MP: 16/16
 12098 | Lair:4   | Reached skill level 10 in Armour
 12262 | Lair:4   | Reached skill level 10 in Shields
 12919 | Lair:5   | Found a dark tunnel.
 12928 | Volcano  | Entered a volcano
 13443 | Lair:5   | Reached skill level 5 in Invocations
 13912 | Lair:6   | Entered Level 6 of the Lair of Beasts
 14042 | Lair:6   | Gained mutation: Your large and strong wings let you fly
                  | indefinitely. [Gargoyle growth]
 14042 | Lair:6   | Reached XP level 14. HP: 96/96 MP: 18/18
 14114 | Lair:6   | Found a runed translucent door.
 14117 | Lair:6   | Noticed kae's ghost (journeyman DrTm)
 14964 | Lair:6   | Found a staircase to the Slime Pits.
 14964 | Lair:6   | Found a viscous altar of Jiyva.
 15343 | Lair:6   | Killed kae's ghost
 15549 | Orc:1    | Entered Level 1 of the Orcish Mines
 15908 | Orc:1    | Reached skill level 10 in Maces & Flails
 16059 | Orc:2    | Entered Level 2 of the Orcish Mines
 16269 | Orc:2    | Noticed a stone giant
 16282 | Orc:2    | Killed a stone giant
 16479 | Orc:2    | Reached skill level 15 in Fighting
 16511 | Orc:2    | Reached skill level 1 in Throwing
 16521 | Orc:2    | Found Goehet's Assorted Antiques.
 16528 | Orc:2    | Reached ***** piety under the Shining One
 17053 | Orc:2    | Found Kiyruew's Armour Shoppe.
 17074 | Orc:2    | Found Hugimesch's Book Shoppe.
 17076 | Orc:2    | Found Sugur's Food Boutique.
 17157 | Orc:2    | Found a staircase to the Elven Halls.
 17504 | Orc:1    | Found Saic's Food Shop.
 17665 | D:11     | Reached XP level 15. HP: 89/103 MP: 20/20
 17717 | D:11     | Found a gate leading to a gauntlet.
 17860 | Gauntlet | Entered a Gauntlet
 17860 | Gauntlet | Found a large runed translucent door.
 17860 | Gauntlet | Found a large runed translucent door.
 17860 | Gauntlet | Found a large runed translucent door.
 17860 | Gauntlet | Found a large runed translucent door.
 17860 | Gauntlet | Found a large runed translucent door.
 17860 | Gauntlet | Found a large runed translucent door.
 17860 | Gauntlet | Found a large runed translucent door.
 17860 | Gauntlet | Found a large runed translucent door.
 17860 | Gauntlet | Found a runed translucent door.
 17860 | Gauntlet | Found a runed translucent gate.
 17860 | Gauntlet | Found a transporter.
 17860 | Gauntlet | Found a transporter.
 17860 | Gauntlet | Found a runed translucent gate.
 17860 | Gauntlet | Found a transporter.
 17866 | Gauntlet | Found a transporter.
 17866 | Gauntlet | Found a transporter.
 17867 | Gauntlet | Found a runed translucent gate.
 17867 | Gauntlet | Found a runed translucent door.
 17868 | Gauntlet | Found the amulet of the Air {Inacc +Fly rElec EV+5 RMsl}
 17877 | Gauntlet | Found a large runed translucent door.
 17877 | Gauntlet | Found a large runed translucent door.
 17878 | Gauntlet | Found a large runed translucent door.
 17879 | Gauntlet | Found a large runed translucent door.
 17883 | Gauntlet | Found a transporter.
 17907 | Gauntlet | Found a transporter.
 17911 | Gauntlet | Found a transporter.
 17916 | Gauntlet | Found a transporter.
 17916 | Gauntlet | Found a transporter.
 17937 | Gauntlet | Found a transporter.
 17938 | Gauntlet | Found a transporter.
 18019 | Gauntlet | Found a large runed translucent door.
 18019 | Gauntlet | Found a large runed translucent door.
 18020 | Gauntlet | Found a large runed translucent door.
 18021 | Gauntlet | Found a large runed translucent door.
 18177 | Gauntlet | Gained mutation: You are clumsy. (Dex -2) [a neqoxec]
 18256 | Gauntlet | Got a pair of smoking boots
 18446 | Gauntlet | Got a steaming amber ring
 18451 | Gauntlet | Got a warped scale mail
 18599 | D:11     | Identified the +2 pair of boots of the Shore {rC++ rN+
                  | MP+9} (You found it in a Gauntlet)
 18634 | D:11     | Identified the +2 scale mail of Gallantry {Str+3} (You
                  | found it in a Gauntlet)
 19012 | D:11     | Identified the ring "Noalote" {rF+++ Str-4 Int+2 Slay+3
                  | SInv} (You found it in a Gauntlet)
 19183 | D:12     | You are sucked into a shaft for 3 floors!
 19183 | D:15     | Entered Level 15 of the Dungeon
 19613 | D:15     | Found a staircase to the Depths.
 19668 | D:14     | Reached ****** piety under the Shining One
 19886 | D:14     | Found a gate to the Vaults.
 20131 | D:14     | Found a shattered altar of Ashenzari.
 20149 | D:14     | Noticed Josephine
 20159 | D:14     | Killed Josephine
 20799 | D:13     | Found a portal to a secret trove of treasure.
 20858 | D:13     | Reached XP level 16. HP: 109/109 MP: 22/22
 21043 | D:13     | Found an ornate altar of the Wu Jian Council.
 21864 | D:12     | Found a portal to a secret trove of treasure.
 21925 | D:12     | Noticed Snorg
 21937 | D:12     | Killed Snorg
 22550 | Orc:2    | Bought a scroll of blinking for 240 gold pieces
 22767 | D:13     | You paid a toll of 6 scrolls of blinking to enter a
                  | treasure trove
 22768 | Trove    | Entered a treasure trove
 22773 | Trove    | Got a twitching steel amulet
 22775 | Trove    | Got a heavily runed iron ring
 22779 | Trove    | Got a smoking lapis lazuli ring
 22781 | Trove    | Got a clouded silver ring
 22783 | Trove    | Got a brightly glowing pewter ring
 22789 | Trove    | Got a steaming silver ring
 22791 | Trove    | Got a glittering glass ring
 22793 | Trove    | Got a coiled ivory ring
 22797 | Trove    | Got a smoking brass ring
 22799 | Trove    | Got a bound platinum ring
 22889 | D:13     | Identified the amulet of the Lonely Friends {Acrobat rC+
                  | MR- SInv} (You found it in a treasure trove)
 22891 | D:13     | Identified the ring "Ownu Laa" {rF+ rC- Str+4 Int+4} (You
                  | found it in a treasure trove)
 22893 | D:13     | Identified the ring "Cyllir" {Ice rElec Int+2 SInv} (You
                  | found it in a treasure trove)
 22895 | D:13     | Identified the ring "Lacwuiz" {Str+3 Int-5 Dex+3} (You
                  | found it in a treasure trove)
 22897 | D:13     | Identified the ring "Bets" {rPois rF- MR+ Slay+2 SInv} (You
                  | found it in a treasure trove)
 22905 | D:13     | Identified the ring "Ytug" {rCorr rN+ MR+ Stlth+} (You
                  | found it in a treasure trove)
 22907 | D:13     | Identified the ring "Gikin" {rPois rC+ SInv Stlth-} (You
                  | found it in a treasure trove)
 22909 | D:13     | Identified the ring "Eviuqy Moom" {MP+9 Stlth+} (You found
                  | it in a treasure trove)
 22915 | D:13     | Identified the ring of Sappuot {rPois MP-9 Str+2 Dex+3
                  | Stlth+} (You found it in a treasure trove)
 22919 | D:13     | Identified the ring "Xeum" {rCorr rPois rC++} (You found it
                  | in a treasure trove)
 23178 | Swamp:1  | Entered Level 1 of the Swamp
 23272 | Swamp:1  | Identified Roxanne's Handbook of Transmigration
 23272 | Swamp:1  | Noticed Roxanne
 23282 | Swamp:1  | Noticed a tentacled monstrosity
 23302 | Swamp:1  | Killed Roxanne
 23562 | Swamp:1  | Killed a tentacled monstrosity
 23634 | Swamp:1  | Found the +3 pair of gauntlets of War {Slay+5}
 23762 | Swamp:1  | Noticed Jorgrun
 23780 | Swamp:1  | HP: 4/110 [Jorgrun/Lee's Rapid Deconstruction (24)]
 23793 | Swamp:1  | Killed Jorgrun
 24994 | Swamp:3  | Noticed a thorn hunter
 25017 | Swamp:3  | Killed a thorn hunter
 25167 | Swamp:3  | Reached XP level 17. HP: 98/115 MP: 24/24
 25295 | Swamp:3  | Reached skill level 10 in Dodging
 25763 | Swamp:4  | Entered Level 4 of the Swamp
 25931 | Swamp:3  | Reached skill level 10 in Invocations
 26540 | Swamp:4  | Noticed a tentacled monstrosity
 26556 | Swamp:4  | Killed a tentacled monstrosity
 26563 | Swamp:4  | Noticed Bai Suzhen
 26997 | Swamp:3  | Killed Bai Suzhen
 27378 | Swamp:4  | Got a decaying rune of Zot
 28066 | Snake:1  | Entered Level 1 of the Snake Pit
 28066 | Snake:1  | Noticed Rupert
 28078 | Snake:1  | Killed Rupert
 28810 | Snake:2  | Reached XP level 18. HP: 122/122 MP: 26/26
 29018 | Snake:2  | Noticed Vashnia
 29118 | Snake:2  | Killed Vashnia
 29262 | Snake:2  | Found a runed translucent door.
 29418 | Snake:3  | Got a pearl-encrusted chain mail
 30138 | Snake:3  | Cast into level 1 of the Abyss (salamander)
 30394 | Abyss:1  | Noticed a bone dragon
 30413 | Abyss:1  | Killed a bone dragon
 30426 | Snake:3  | Escaped the Abyss
 30480 | Snake:3  | Identified the +5 chain mail of the Hidden Vale {rCorr}
                  | (You found it on level 3 of the Snake Pit)
 30625 | Snake:4  | Entered Level 4 of the Snake Pit
 30985 | Snake:4  | Reached XP level 19. HP: 57/128 MP: 18/27
 31224 | Snake:4  | Reached skill level 15 in Maces & Flails
 31916 | Snake:4  | Got a serpentine rune of Zot
 32314 | Depths:1 | Entered Level 1 of the Depths
 32939 | Depths:1 | Noticed Saint Roka
 33233 | Depths:1 | Killed Saint Roka
 33233 | Depths:1 | Reached skill level 15 in Armour
 33233 | Depths:1 | Reached skill level 15 in Shields
 33303 | Depths:1 | Found a gateway to Hell.
 33394 | Depths:1 | Found a one-way gate to the infinite horrors of the Abyss.
 34287 | Depths:2 | Reached XP level 20. HP: 93/136 MP: 27/29
 34731 | Depths:2 | Found a one-way gate leading to the halls of Pandemonium.
 35231 | Depths:2 | Got a warped helmet
 35232 | Depths:2 | Identified the +0 helmet "Xoeroom" {Str+4 Int-2 Dex+4} (You
                  | found it on level 2 of the Depths)
 35548 | Depths:3 | Found Xamiagh's Jewellery Shoppe.
 35549 | Depths:3 | Found Jaogunolel's Gadget Boutique.
 35551 | Depths:3 | Found Biryaf's Jewellery Shoppe.
 35694 | Depths:3 | Found Lobruy's Magic Scroll Shop.
 35876 | Depths:3 | Noticed a golden dragon
 35878 | Depths:3 | Cast into level 4 of the Abyss (a lich)
 36053 | Abyss:4  | Noticed a hellephant
 36059 | Abyss:4  | Noticed a bone dragon
 36090 | Abyss:4  | Killed a bone dragon
 36095 | Abyss:4  | Killed a hellephant
 36124 | Depths:3 | Escaped the Abyss
 36162 | Depths:3 | Reached XP level 21. HP: 100/142 MP: 25/31
 36175 | Depths:3 | Killed a golden dragon
 36533 | Depths:3 | Noticed a juggernaut
 36649 | Depths:3 | Killed a juggernaut
 36866 | Depths:3 | Noticed a golden dragon
 36873 | Depths:3 | Killed a golden dragon
 36930 | Depths:3 | Noticed a caustic shrike
 36982 | Depths:3 | Killed a caustic shrike
 37093 | Depths:3 | Got a steaming mace
 37293 | Depths:3 | Identified the +6 mace of Untimely Demise {antimagic,
                  | Int+5} (You found it on level 3 of the Depths)
 37918 | Orc:2    | Bought the +9 scales of the Dragon King {rPois rF+ rC+ MR+}
                  | for 3993 gold pieces
 37918 | Orc:2    | Found the +9 scales of the Dragon King {rPois rF+ rC+ MR+}
 39024 | Depths:4 | Found a gateway to a ziggurat.
 39117 | Depths:4 | Reached XP level 22. HP: 129/149 MP: 13/32
 39225 | Depths:4 | Found Feli's Distillery.
 39401 | Depths:4 | You are sucked into a shaft!
 39401 | Depths:5 | Entered Level 5 of the Depths
 39510 | Depths:5 | Found a gate to the Realm of Zot.
 39510 | Depths:5 | Noticed a golden dragon
 39510 | Depths:5 | Noticed a golden dragon
 39510 | Depths:5 | Noticed a golden dragon
 39510 | Depths:5 | Noticed a golden dragon
 39530 | Depths:5 | Killed a golden dragon
 39545 | Depths:5 | Killed a golden dragon
 39557 | Depths:5 | Killed a golden dragon
 39571 | Depths:5 | Killed a golden dragon
 39650 | Depths:5 | Reached skill level 15 in Invocations
 41923 | Depths:4 | Reached XP level 23. HP: 156/156 MP: 14/34
 42284 | Depths:4 | Identified the Tome of Cloudy Shape Shifting
 42336 | Hell     | Entered the Vestibule of Hell
 42336 | Hell     | Noticed Geryon
 42944 | Hell     | Killed Geryon
 43154 | Hell     | Found a gateway to the decaying netherworld of Tartarus.
 43298 | Hell     | Found a gateway to the ashen valley of Gehenna.
 43328 | Hell     | Identified a +4 sacred scourge of holy wrath (a +2 demon
                  | whip of electrocution blessed by the Shining One)
 43328 | Hell     | Received a gift from the Shining One
 43453 | Hell     | Found a gateway to the freezing wastes of Cocytus.
 43538 | Hell     | Found a gateway to the Iron City of Dis.
 43877 | Elf:1    | Entered Level 1 of the Elven Halls
 44012 | Elf:1    | Found a frozen archway.
 44021 | IceCv    | Entered an ice cave
 44570 | IceCv    | Got a slimy turquoise ring
 44696 | Elf:1    | Identified the ring of Qiteet Usont {EV+2 Slay+2} (You
                  | found it in an ice cave)
 44754 | Elf:1    | Identified the Handbook of Attacks
 45676 | Elf:2    | Reached XP level 24. HP: 161/163 MP: 35/35
 45766 | Elf:2    | Found Nustunk's Magic Scroll Boutique.
 45772 | Elf:2    | Bought a scroll of enchant armour for 127 gold pieces
 45893 | Elf:2    | Found a huge runed translucent gate.
 45893 | Elf:2    | Found a huge runed translucent gate.
 45894 | Elf:2    | Found a huge runed translucent gate.
 45895 | Elf:2    | Found a huge runed translucent gate.
 45899 | Elf:2    | Found a huge runed translucent gate.
 46392 | Elf:3    | Entered Level 3 of the Elven Halls
 46452 | Elf:3    | Found Aplooqol's Magic Scroll Shoppe.
 46462 | Elf:3    | Bought a scroll of enchant armour for 75 gold pieces
 46652 | Elf:3    | Noticed Asterion
 46672 | Elf:3    | Killed Asterion
 47031 | Elf:3    | Identified the ring of the Final Chapter {*Corrode MR+
                  | Int+5}
 47093 | Elf:3    | Got a dazzling plate armour
 47144 | Elf:3    | Identified the ring "Codeef" {rF+ rC+ MR+ Stlth-}
 47329 | Elf:3    | Identified the Papyrus of Feathery Protection
 47358 | Elf:3    | Identified Plog's Papyrus of Changing and Dislocation
 47520 | Elf:3    | Noticed Aizul
 47539 | Elf:3    | Killed Aizul
 47823 | Elf:3    | Identified the +2 plate armour of Amuozxam {Slay+2} (You
                  | found it on level 3 of the Elven Halls)
 48062 | Vaults:1 | Entered Level 1 of the Vaults
 48366 | Vaults:1 | Reached XP level 25. HP: 169/169 MP: 35/35
 49670 | Vaults:2 | Found Gozag's Assorted Antiques.
 49671 | Vaults:2 | Found Gozag's Assorted Antiques.
 49766 | Vaults:2 | Found an opulent altar of Gozag.
 49779 | Vaults:2 | Found Gozag's Antique Armour Boutique.
 50024 | Vaults:2 | Reached skill level 15 in Dodging
 50569 | Vaults:2 | Found Faojy's Antique Armour Boutique.
 50973 | Vaults:3 | Noticed Sojobo
 50987 | Vaults:3 | Killed Sojobo
 50987 | Vaults:3 | Reached skill level 10 in Evocations
 51541 | Vaults:3 | Reached XP level 26. HP: 167/177 MP: 35/35
 51882 | Vaults:3 | Found Geutwo's Armour Boutique.
 51950 | Vaults:3 | Found a staircase to the Crypt.
 53535 | Vaults:5 | Entered Level 5 of the Vaults
 53597 | Vaults:5 | Noticed Margery
 53623 | Vaults:5 | Noticed an ancient lich
 53651 | Vaults:5 | Killed an ancient lich
 53808 | Vaults:5 | Identified the +8 lajatang "Rouqoec" {freeze, rPois rC+}
 53827 | Vaults:5 | Reached XP level 27. HP: 111/184 MP: 24/35
 54128 | Vaults:5 | Identified the +8 rapier of Gallantry {freeze, rF+ rN+ MR+}
 54189 | Vaults:5 | Identified the +2 chain mail of the Shining Light {-Cast
                  | rElec MP+9 Dex-5}
 54224 | Vaults:5 | Killed Margery
 54583 | Vaults:5 | Got a silver rune of Zot
 54986 | Vaults:5 | Got bloodstained quicksilver dragon scales
 54991 | Vaults:5 | Identified Fonor's Collected Works on Excruciating Boosts
 55253 | Vaults:5 | Identified the quicksilver dragon scales of the Moon {+Fly
                  | rN+ MR+ MP+9 Dex+3} (You found it on level 5 of the Vaults)
 55557 | Geh:1    | Entered Level 1 of Gehenna
 55689 | Geh:3    | Gained mutation: Your magical capacity is low. (-10% MP) [a
                  | neqoxec]
 56715 | Geh:7    | Entered Level 7 of Gehenna
 57057 | Geh:7    | Identified the Papyrus of Combat Magic and Companions
 57150 | Geh:7    | Identified the +7 sceptre of Asmodeus
 57150 | Geh:7    | Noticed Asmodeus
 57181 | Geh:7    | Killed Asmodeus
 57218 | Geh:7    | Got an obsidian rune of Zot
 58127 | Depths:4 | Voluntarily entered the Abyss.
 58227 | Abyss:1  | Paralysed by accursed screaming for 1 turns
 59705 | Abyss:3  | Paralysed by accursed screaming for 2 turns
 59737 | Abyss:3  | Got an abyssal rune of Zot
 59847 | Depths:4 | Escaped the Abyss
 59898 | Coc:1    | Entered Level 1 of Cocytus
 60761 | Coc:7    | Entered Level 7 of Cocytus
 60855 | Coc:7    | Gained mutation: You are very clumsy. (Dex -4) [mutagenic
                  | glow]
 60920 | Coc:7    | Gained mutation: You are frail. (-10% HP) [mutagenic glow]
 61079 | Coc:7    | Got a fine silver ring
 61755 | Coc:7    | Identified the amulet of the Death Scarab {Gourm rF- MP+9
                  | Str+3 Stlth+}
 61755 | Coc:7    | Noticed Antaeus
 61780 | Coc:7    | Killed Antaeus
 61794 | Coc:7    | Got a steaming cloak
 61805 | Coc:7    | Got an icy rune of Zot
 62042 | Hell     | Identified the +1 cloak of Jekuf {rElec rF+ MP-9 Int+9}
                  | (You found it on level 7 of Cocytus)
 62056 | Hell     | Identified the ring of Joy {MR+ Dex+2} (You found it on
                  | level 7 of Cocytus)
 62072 | Hell     | Got a coiled platinum ring
 62074 | Hell     | Identified the ring of Puuzem {Wiz +Blink +Fly Dex-3} (You
                  | acquired it in the Vestibule of Hell)
 62087 | Tar:1    | Entered Level 1 of Tartarus
 62467 | Tar:2    | Reached skill level 15 in Evocations
 62921 | Tar:7    | Entered Level 7 of Tartarus
 63732 | Tar:7    | Noticed Ereshkigal
 63765 | Tar:7    | Killed Ereshkigal
 63794 | Tar:7    | Got a bone rune of Zot
 63872 | Tar:7    | Got a scorched triple sword
 65029 | Dis:1    | Entered Level 1 of the Iron City of Dis
 65660 | Dis:7    | Entered Level 7 of the Iron City of Dis
 65990 | Dis:7    | Found the cursed +14 obsidian axe {chop, +Fly SInv *Curse}
 65995 | Dis:7    | Identified the Incunabulum of Circular Logic
 66032 | Dis:7    | Identified the Volume of Twisted Calling
 67161 | Dis:7    | Noticed the Serpent of Hell
 67197 | Dis:7    | Killed the Serpent of Hell
 67318 | Dis:7    | Identified the +4 staff of Dispater
 67318 | Dis:7    | Noticed Dispater
 67344 | Dis:7    | Killed Dispater
 67388 | Dis:7    | Got an iron rune of Zot
 67397 | Dis:7    | Got a bone battleaxe
 67794 | Depths:4 | Identified the +5 battleaxe of Plog {venom, rC+} (You found
                  | it on level 7 of the Iron City of Dis)
 67795 | Depths:4 | Identified the +4 triple sword of Causality {drain, rF+}
                  | (You found it on level 7 of Tartarus)
 67996 | Crypt:1  | Entered Level 1 of the Crypt
 67997 | Crypt:1  | Noticed an ancient lich
 68013 | Crypt:1  | Killed an ancient lich
 68315 | Crypt:1  | Found a shimmering altar of Xom.
 68984 | Crypt:2  | Noticed Boris
 68996 | Crypt:2  | Killed Boris
 69016 | Crypt:2  | Noticed a greater mummy
 69017 | Crypt:2  | Noticed Khufu
 69031 | Crypt:2  | Killed Khufu
 69042 | Crypt:2  | Killed a greater mummy
 69517 | Crypt:2  | Noticed Mara
 69535 | Crypt:2  | Killed Mara
 69807 | Crypt:3  | Entered Level 3 of the Crypt
 69913 | Crypt:3  | Got a clouded bone ring
 69913 | Crypt:3  | Got a shimmering turquoise ring
 70182 | Crypt:3  | Found a staircase to the Tomb.
 70733 | Crypt:3  | Found an ancient bone altar of Kikubaaqudgha.
 70842 | Crypt:3  | Noticed an ancient lich
 70854 | Crypt:3  | Killed an ancient lich
 71282 | Crypt:3  | Found the +7 sceptre of Torment {pain, torment}
 71712 | Crypt:3  | Identified the ring of Osuorus {rF+ rN+ MP+9 Stlth+} (You
                  | found it on level 3 of the Crypt)
 71713 | Crypt:3  | Identified the ring "Beal" {rN+ Dex+3} (You found it on
                  | level 3 of the Crypt)
 71720 | Tomb:1   | Entered Level 1 of the Tomb of the Ancients
 72209 | Tomb:1   | Noticed a greater mummy
 72212 | Tomb:1   | Noticed a greater mummy
 72212 | Tomb:1   | Noticed a greater mummy
 72263 | Tomb:1   | Killed a greater mummy
 72268 | Tomb:1   | Killed a greater mummy
 72281 | Tomb:1   | Killed a greater mummy
 72690 | Tomb:2   | Noticed a greater mummy
 72702 | Tomb:2   | Noticed a greater mummy
 72710 | Tomb:2   | Killed a greater mummy
 72732 | Tomb:2   | Killed a greater mummy
 72743 | Tomb:2   | Noticed Jory
 72753 | Tomb:2   | Noticed a greater mummy
 72773 | Tomb:2   | Killed a greater mummy
 72788 | Tomb:2   | Killed Jory
 72800 | Tomb:2   | Noticed a greater mummy
 72811 | Tomb:2   | Killed a greater mummy
 72820 | Tomb:2   | Gained mutation: Your magical capacity is very low. (-20%
                  | MP) [mutagenic glow]
 73192 | Tomb:1   | Noticed a greater mummy
 73192 | Tomb:1   | Noticed a greater mummy
 73192 | Tomb:1   | Noticed a greater mummy
 73192 | Tomb:1   | Noticed a greater mummy
 73195 | Tomb:1   | Noticed a greater mummy
 73197 | Tomb:1   | Noticed a greater mummy
 73202 | Tomb:1   | Killed a greater mummy
 73218 | Tomb:1   | Killed a greater mummy
 73219 | Tomb:1   | Killed a greater mummy
 73219 | Tomb:1   | Killed a greater mummy
 73220 | Tomb:1   | Killed a greater mummy
 73228 | Tomb:1   | Killed a greater mummy
 73238 | Tomb:1   | Noticed a greater mummy
 73247 | Tomb:1   | Killed a greater mummy
 73313 | Tomb:1   | Noticed a greater mummy
 73320 | Tomb:1   | Killed a greater mummy
 73321 | Tomb:1   | Noticed a greater mummy
 73330 | Tomb:1   | Killed a greater mummy
 73336 | Tomb:1   | Noticed a greater mummy
 73345 | Tomb:1   | Killed a greater mummy
 73347 | Tomb:1   | Noticed a greater mummy
 73351 | Tomb:1   | Noticed a greater mummy
 73356 | Tomb:1   | Killed a greater mummy
 73373 | Tomb:1   | Killed a greater mummy
 73422 | Tomb:1   | Noticed a greater mummy
 73423 | Tomb:1   | Noticed a greater mummy
 73429 | Tomb:1   | Killed a greater mummy
 73440 | Tomb:1   | Killed a greater mummy
 73463 | Tomb:1   | Noticed a greater mummy
 73467 | Tomb:1   | Noticed a greater mummy
 73468 | Tomb:1   | Noticed a greater mummy
 73474 | Tomb:1   | Killed a greater mummy
 73481 | Tomb:1   | Killed a greater mummy
 73481 | Tomb:1   | Noticed a greater mummy
 73484 | Tomb:1   | Noticed a greater mummy
 73488 | Tomb:1   | Killed a greater mummy
 73488 | Tomb:1   | Noticed a greater mummy
 73492 | Tomb:1   | Killed a greater mummy
 73492 | Tomb:1   | Noticed a greater mummy
 73496 | Tomb:1   | Killed a greater mummy
 73496 | Tomb:1   | Killed a greater mummy
 73496 | Tomb:1   | Killed a greater mummy
 73816 | Tomb:3   | Entered Level 3 of the Tomb of the Ancients
 73849 | Tomb:3   | Noticed a greater mummy
 73853 | Tomb:3   | Noticed an ancient lich
 73856 | Tomb:3   | Noticed a greater mummy
 73859 | Tomb:3   | Noticed a greater mummy
 73884 | Tomb:3   | Killed an ancient lich
 73887 | Tomb:3   | Noticed Boris
 73888 | Tomb:3   | Killed a greater mummy
 73889 | Tomb:3   | Noticed a greater mummy
 73891 | Tomb:3   | Noticed a greater mummy
 73895 | Tomb:3   | Killed a greater mummy
 73899 | Tomb:3   | Noticed a greater mummy
 73901 | Tomb:3   | Killed Boris
 73901 | Tomb:3   | Noticed a greater mummy
 73905 | Tomb:3   | Killed a greater mummy
 73908 | Tomb:3   | Killed a greater mummy
 73908 | Tomb:3   | Reached skill level 27 in Fighting
 73910 | Tomb:3   | Killed a greater mummy
 74034 | Tomb:3   | Got a golden rune of Zot
 74101 | Tomb:3   | Killed a greater mummy
 74186 | Tomb:3   | Got a shimmering lapis lazuli ring
 74322 | Tomb:3   | Killed a greater mummy
 75099 | Depths:3 | Identified the ring of Pecur {*Drain rPois rC+ Int+2 Dex+4}
                  | (You found it on level 3 of the Tomb of the Ancients)
 75397 | Slime:1  | Entered Level 1 of the Pits of Slime
 75557 | Slime:1  | Gained mutation: Scrolls take you a little longer to read.
                  | [a shining eye]
 75886 | Slime:2  | Gained mutation: You are dopey. (Int -2) [a shining eye]
 75888 | Slime:2  | Gained mutation: You are weak. (Str -2) [a shining eye]
 75903 | Slime:1  | Gained mutation: You tend to lose your temper in combat. [a
                  | shining eye]
 76021 | Slime:2  | Lost mutation: You are frail. (-10% HP) [a shining eye]
 76372 | Slime:3  | You are sucked into a shaft!
 76925 | Slime:4  | Gained mutation: You often lose your temper in combat. [a
                  | shining eye]
 77207 | Slime:5  | Entered Level 5 of the Pits of Slime
 77429 | Slime:5  | Gained mutation: You are frail. (-10% HP) [a shining eye]
 77434 | Slime:5  | Gained mutation: You have an uncontrollable temper. [a
                  | shining eye]
 77510 | Slime:5  | Noticed the Royal Jelly
 77567 | Slime:5  | Killed the Royal Jelly
 77690 | Slime:5  | Got a slimy rune of Zot
 77842 | Slime:5  | Got a faintly glowing battleaxe
 77860 | Slime:5  | Got a blackened long sword
 78313 | Depths:4 | Identified the +8 long sword of Sunlight {slice, MP+9 Dex-4
                  | Stlth+} (You found it on level 5 of the Pits of Slime)
 78315 | Depths:4 | Identified the cursed +1 battleaxe of Dofrinar {chop,
                  | Str+4} (You found it on level 5 of the Pits of Slime)
 78378 | Pan      | Entered Pandemonium
 78663 | Pan      | Gained mutation: Scrolls take you longer to read. [a
                  | cacodemon]
 78808 | Pan      | Identified Taamel's Collected Works on Augmentations and
                  | Curses
 78898 | Pan      | Noticed Foblus the pandemonium lord
 78913 | Pan      | Gained mutation: You are very weak. (Str -4) [a cacodemon]
 78936 | Pan      | Gained mutation: Your body sometimes deteriorates upon
                  | taking damage. [a neqoxec]
 78940 | Pan      | Killed Foblus the pandemonium lord
 79063 | Pan      | Found a transporter.
 79117 | Pan      | Found a transporter.
 79117 | Pan      | Found a transporter.
 79121 | Pan      | Found a transporter.
 79168 | Pan      | Found a transporter.
 79236 | Pan      | HP: 8/179 [smoke demon/divine providence[a shadow demon]
                  | (14)]
 79265 | Pan      | Got a pair of transparent boots
 79271 | Pan      | Got a transparent jade ring
 79292 | Pan      | Got a pitted turquoise ring
 79490 | Pan      | Identified the amulet "Jaug" {Reflect rElec rN+ Str+7 SH+4}
 79493 | Pan      | Noticed Nufaliryh the pandemonium lord
 79512 | Pan      | Killed Nufaliryh the pandemonium lord
 80018 | Pan      | Gained mutation: You are very dopey. (Int -4) [a cacodemon]
 80752 | Pan      | Identified the cursed +0 pair of boots of the Buccaneer
                  | {rPois Dex+4 Stlth+} (You found it in Pandemonium)
 80756 | Pan      | Identified the ring of Mabarhuf {+Fly rN+} (You found it in
                  | Pandemonium)
 80762 | Pan      | Identified the ring of the Robin {rElec Str+3 Int+5 Stlth-}
                  | (You found it in Pandemonium)
 80821 | Pan      | Noticed Ojocwes the pandemonium lord
 80826 | Pan      | Killed Ojocwes the pandemonium lord
 81025 | Pan      | Found an exit through the horrors of the Abyss.
 81764 | Pan      | Identified the Tome of Talismans and Confrontation
 82178 | Pan      | Noticed Zujityoss the pandemonium lord
 82191 | Pan      | Killed Zujityoss the pandemonium lord
 82191 | Pan      | Reached skill level 27 in Shields
 82207 | Pan      | Reached skill level 27 in Armour
 82967 | Pan      | Paralysed by a chaos spawn for 4 turns
 83009 | Pan      | Noticed Secumpez the pandemonium lord
 83019 | Pan      | Killed Secumpez the pandemonium lord
 83337 | Pan      | Entered the realm of Cerebov.
 84135 | Pan      | Got a translucent great sword
 84141 | Pan      | Got a smoking hat
 84144 | Pan      | Got a warped ivory amulet
 84149 | Pan      | Identified the +0 hat "Doicrit" {Str+3} (You found it in
                  | Pandemonium)
 84153 | Pan      | Identified the amulet of Attitude {Faith rPois Int+4 Dex-4}
                  | (You found it in Pandemonium)
 84223 | Pan      | Identified the +6 sword of Cerebov {flame}
 84223 | Pan      | Noticed Cerebov
 84253 | Pan      | Killed Cerebov
 84284 | Pan      | Got a fiery rune of Zot
 84484 | Pan      | Entered the realm of Mnoleg.
 84582 | Pan      | Gained mutation: Scrolls take you much longer to read. [a
                  | shining eye]
 84583 | Pan      | Gained mutation: Your body often deteriorates upon taking
                  | damage. [a shining eye]
 84586 | Pan      | Gained mutation: Potions are less effective at restoring
                  | your health. [a shining eye]
 84591 | Pan      | Paralysed by a floating eye for 2 turns
 84602 | Pan      | Lost mutation: You are very clumsy. (Dex -4) [a shining
                  | eye]
 84604 | Pan      | Gained mutation: Your magical capacity is extremely low.
                  | (-30% MP) [a shining eye]
 84612 | Pan      | Gained mutation: Potions are poor at restoring your health.
                  | [a neqoxec]
 84620 | Pan      | Gained mutation: You occasionally shout uncontrollably at
                  | your foes. [a neqoxec]
 84690 | Pan      | Noticed Mnoleg
 84721 | Pan      | Paralysed by a floating eye for 2 turns
 84738 | Pan      | Killed Mnoleg
 84745 | Pan      | Gained mutation: Potions cannot restore your health. [a
                  | cacodemon]
 84759 | Pan      | Gained mutation: You sometimes yell uncontrollably at your
                  | foes. [a shining eye]
 84815 | Pan      | Got a glowing rune of Zot
 85012 | Pan      | Reached skill level 27 in Maces & Flails
 85127 | Pan      | Entered the realm of Lom Lobon.
 85274 | Pan      | Found an exit through the horrors of the Abyss.
 85844 | Pan      | Noticed Lom Lobon
 85869 | Pan      | Killed Lom Lobon
 85935 | Pan      | Got a magical rune of Zot
 86317 | Pan      | Entered the realm of Gloorx Vloq.
 87146 | Pan      | Noticed Gloorx Vloq
 87161 | Pan      | Killed Gloorx Vloq
 87187 | Pan      | Got a dark rune of Zot
 87289 | Pan      | Noticed Deawerr the pandemonium lord
 87304 | Pan      | Killed Deawerr the pandemonium lord
 87556 | Pan      | Got a translucent helmet
 87759 | Pan      | Noticed Lium the pandemonium lord
 87770 | Pan      | Killed Lium the pandemonium lord
 87912 | Pan      | Found a glowing golden altar of the Shining One.
 87931 | Pan      | Noticed a seraph
 87933 | Pan      | Identified the cursed -1 large shield of Dramatic Exits
                  | {*Slow rElec rC+ MR++ rCorr}
 87958 | Pan      | Killed a seraph
 87991 | Pan      | Got a demonic rune of Zot
 87995 | Pan      | Got a translucent war axe
 88007 | Pan      | Got a translucent hat
 88031 | Pan      | Got a translucent steel ring
 88037 | Pan      | Identified the Disquisition on Warped Augmentations
 88820 | Pan      | Found a white marble altar of Elyvilon.
 89950 | Pan      | Found a glowing silver altar of Zin.
 90378 | Depths:5 | Escaped Pandemonium
 90420 | Zot:1    | Entered Level 1 of the Realm of Zot
 90868 | Zot:1    | You are sucked into a shaft!
 91350 | Zot:2    | Reached skill level 27 in Invocations
 92524 | Zot:3    | Noticed an orb of fire
 92527 | Zot:3    | Gained mutation: You do not regenerate when monsters are
                  | visible. [an orb of fire]
 92528 | Zot:3    | Gained mutation: Your spells are a little easier to cast,
                  | but a little less powerful. [an orb of fire]
 92544 | Zot:3    | Killed an orb of fire
 93099 | Zot:4    | Found a transporter.
 93101 | Zot:4    | Found the +8 orange crystal plate armour {Archmagi, Int+3
                  | Clar}
 93116 | Zot:4    | Found a transporter.
 93479 | Zot:4    | Identified the ring "Allavex" {Ice Str+6 Int-4} (You found
                  | it in Pandemonium)
 93485 | Zot:4    | Identified the cursed +0 hat of the Arcane {rPois MR-
                  | Slay+2} (You found it in Pandemonium)
 93489 | Zot:4    | Identified the +3 helmet of Veazodgh {*Contam rN++ Dex+4}
                  | (You found it in Pandemonium)
 93492 | Zot:4    | Identified the +1 war axe of Purpose {chop, Str+3} (You
                  | found it in Pandemonium)
 93893 | Zot:5    | Entered Level 5 of the Realm of Zot
 94219 | Zot:5    | Found an iron altar of Okawaru.
 94313 | Zot:5    | Noticed an ancient lich
 94325 | Zot:5    | Killed an ancient lich
 94580 | Zot:5    | Noticed an orb of fire
 94583 | Zot:5    | Noticed an orb of fire
 94585 | Zot:5    | Gained mutation: You are very clumsy. (Dex -4) [an orb of
                  | fire]
 94594 | Zot:5    | Noticed an orb of fire
 94599 | Zot:5    | Killed an orb of fire
 94601 | Zot:5    | Killed an orb of fire
 94602 | Zot:5    | Gained mutation: You frequently scream uncontrollably at
                  | your foes. [an orb of fire]
 94610 | Zot:5    | Gained mutation: You are very frail. (-20% HP) [an orb of
                  | fire]
 94613 | Zot:5    | Killed an orb of fire
 94660 | Zot:5    | Noticed an orb of fire
 94665 | Zot:5    | Noticed an orb of fire
 94667 | Zot:5    | Noticed an ancient lich
 94669 | Zot:5    | Gained mutation: Your spells are easier to cast, but less
                  | powerful. [an orb of fire]
 94672 | Zot:5    | Noticed an ancient lich
 94681 | Zot:5    | HP: 6/159 [ancient lich/bolt of acid (6)]
 94681 | Zot:5    | Splashed by an ancient lich's acid

Skill      XL: |  1  2  3  4  5  6  7  8  9 10 11 12 13 14 15 16 17 18 19 20 21 22 23 24 25 26 27 |
---------------+----------------------------------------------------------------------------------+-----
Dodging        | 1 2 3 4 5 6 7 8 9 10 11 12 13 14 15 26 | 26.3
Fighting       | 4 5 6 7 9 10 11 12 14 15 16 17 18 19 20 21 27 | 27.0
Shields        | 4 5 7 8 9 10 11 12 13 14 15 16 17 18 19 20 27 | 27.0
Armour         | 4 5 7 8 9 10 11 12 13 14 15 16 17 18 19 20 27 | 27.0
Maces & Flails | 3 4 5 6 7 8 9 10 11 12 13 14 16 17 18 19 20 27 | 27.0
Invocations    | 2 4 5 7 8 9 10 11 12 13 14 15 16 17 27 | 27.0
Evocations     | 1 3 5 6 7 8 10 11 19 | 19.9
Throwing       | 1 |  1.9

Action                   |  1- 3 |  4- 6 |  7- 9 | 10-12 | 13-15 | 16-18 | 19-21 | 22-24 | 25-27 || total
-------------------------+-------+-------+-------+-------+-------+-------+-------+-------+-------++-------
Melee: Flail             |   118 |    95 |       |       |       |       |       |       |       ||   213
       Morningstar       |       |   128 |   394 |   749 |  1488 |  1605 |  1342 |       |       ||  5706
       Mace              |       |       |       |       |       |       |   294 |  1202 |       ||  1496
       Sacred scourge    |       |       |       |       |       |       |       |  1048 | 10848 || 11896
Invok: Divine Shield     |       |       |       |     7 |    14 |    17 |    16 |     5 |    35 ||    94
       Cleansing Flame   |       |       |       |       |       |     6 |    10 |    20 |   100 ||   136
       Brand Weapon With |       |       |       |       |       |       |       |     1 |       ||     1
       Summon Divine War |       |       |       |       |       |       |       |       |     9 ||     9
 Abil: Fly               |       |       |       |       |     1 |       |       |       |       ||     1
Evoke: Wand              |       |       |       |     2 |     2 |     6 |       |       |       ||    10
  Use: Scroll            |       |       |    12 |     3 |    16 |     6 |     5 |    12 |    37 ||    91
       Potion            |       |       |     2 |       |     2 |     3 |       |       |    33 ||    40
  Eat: Chunk             |       |    18 |    10 |    19 |    36 |    30 |    17 |    32 |    57 ||   219
       Ration            |       |       |       |       |     1 |     2 |     4 |     1 |    36 ||    44
Armor: Scale mail        |    65 |    42 |       |       |       |       |       |       |       ||   107
       Chain mail        |       |    92 |   300 |   366 |   811 |  1354 |   534 |       |       ||  3457
       Gold dragon scale |       |       |       |       |       |       |   133 |   989 |  2975 ||  4097
Dodge: Dodged            |    35 |   105 |   258 |   281 |   658 |   846 |   436 |   408 |  1750 ||  4777
Block: Shield            |    63 |   143 |   309 |   710 |  1571 |  1506 |       |       |       ||  4302
       Reflection        |       |       |       |    15 |    67 |    17 |       |       |       ||    99
       Large shield      |       |       |       |       |       |    91 |  1863 |  2111 | 10670 || 14735
